Map: Ascension to Aiur LE

Players

Plainsight - Winner!

  • Race: Zerg Zerg
  • League: Diamond
  • Spawn Location: 5:00

Ranseg

  • Race: Zerg Zerg
  • League: Diamond
  • Spawn Location: 11:00

VOD

Have the link to the VOD?

Description

i randomized zerg which is prob the scariest thing the opponent would have to face as my zerg is just purely an unstoppable force. we claim the victory for the swarm!

Time

  • Played on: Jan. 16, 2018, 3:50 a.m.
  • Length: 14:30
Show
View Real Time Build Order
Export as new Build Order

Plainsight Zerg - Winner!

Build Orders: Hatch First, Lurkers 

Get SALT Encoding   

  12  0:01  Drone  
  13  0:09  Drone  
  14  0:16  Overlord  
  14  0:34  Drone x2  
  16  0:47  Drone  
  17  0:54  Hatchery  
  16  0:58  Drone  
  16  1:01  Extractor  
  16  1:13  Spawning Pool  
  16  1:14  Drone  
  16  1:17  Drone  
  17  1:26  Drone  
  18  1:39  Drone  
  19  1:51  Drone  
  20  1:59  Queen  
  22  2:04  Metabolic Boost  
  22  2:06  Overlord  
  22  2:09  Queen  
  22  2:11  Drone x2  
  26  2:19  Overlord  
  26  2:28  Zergling x2  
  26  2:29  Zergling x2  
  28  2:32  Drone  
  29  2:41  Baneling Nest  
  29  2:42  Drone  
  29  2:48  Overlord  
  29  2:52  Drone  
  30  3:08  Zergling x2  
  30  3:09  Zergling x10  
  35  3:40  Baneling x3  
  35  3:46  Lair  
  35  3:47  Queen  
  35  3:48  Extractor  
  36  3:49  Drone x8  
  44  4:06  Drone x2  
  46  4:12  Drone  
  47  4:18  Extractor  
  47  4:20  Drone  
  47  4:27  Drone x4  
  50  4:46  Spire  
  49  4:54  Spine Crawler  
  49  4:56  Spine Crawler  
  49  4:59  Overlord x2  
  47  5:00  Overlord  
  47  5:05  Hatchery  
  45  5:08  Overlord  
  45  5:09  Overlord  
  45  5:26  Extractor  
  45  5:27  Drone x6  
  45  5:28  Drone  
  51  5:45  Spore Crawler  
  51  5:46  Drone, Spore Crawler  
  51  5:47  Drone x3  
  53  5:59  Mutalisk x5  
  63  6:04  Zerg Flyer Weapons Level 1  
  63  6:18  Mutalisk  
  63  6:19  Mutalisk x2  
  63  6:23  Spore Crawler  
  63  6:24  Drone x4  
  63  6:25  Drone x2  
  74  6:33  Queen  
  74  6:34  Mutalisk  
  74  6:39  Drone x3  
  81  6:41  Spine Crawler  
  81  6:45  Spine Crawler  
  79  7:03  Mutalisk  
  79  7:04  Mutalisk x3  
  87  7:19  Spine Crawler  
  86  7:47  Drone x3, Hydralisk Den  
  86  7:48  Drone  
  89  7:53  Evolution Chamber  
  89  7:55  Evolution Chamber  
  87  8:07  Mutalisk  
  87  8:10  Infestation Pit, Overlord x4  
  82  8:34  Zerg Missile Weapons Level 1  
  82  8:35  Zerg Ground Armor Level 1  
  82  8:45  Extractor  
  82  8:46  Extractor  
  82  8:47  Unknown  
  82  8:48  Drone x3  
  82  8:49  Drone x2, Overlord x3  
  85  8:55  Hatchery  
  85  8:58  Hydralisk x3  
  85  8:59  Hydralisk x11  
  112  9:15  Pneumatized Carapace  
  112  9:17  Hydralisk  
  112  9:18  Hydralisk  
  112  9:19  Zergling x2  
  112  9:20  Zergling x16  
  125  9:24  Baneling  
  125  9:25  Baneling x3  
  125  9:27  Baneling  
  125  9:36  Spine Crawler  
  124  9:38  Spine Crawler  
  123  9:48  Spine Crawler  
  123  9:50  Spine Crawler  
  123  9:52  Muscular Augments  
  121  9:55  Overlord x4  
  121  9:58  Hive  
  121  10:07  Drone  
  121  10:12  Drone x2  
  94  10:58  Hydralisk  
  94  10:59  Hydralisk x16  
  128  11:07  Queen  
  128  11:09  Drone  
  128  11:10  Drone x3  
  134  11:23  Greater Spire  
  134  11:24  Lurker Den  
  133  11:27  Drone x3  
  133  11:28  Drone x3  
  139  11:37  Overlord x2  
  139  11:42  Overseer x2  
  139  11:47  Zerg Missile Weapons Level 2  
  139  11:51  Zerg Ground Armor Level 2  
  139  11:54  Drone x2  
  141  12:16  Drone x2  
  141  12:17  Drone  
  144  12:31  Extractor  
  144  12:33  Extractor  
  142  12:44  Corruptor x6  
  142  12:45  Corruptor  
  142  12:51  Lurker x3  
  159  12:52  Lurker  
  159  12:54  Lurker  
  159  12:55  Zergling x2  
  159  12:56  Zergling x28  
  176  13:04  Overlord x4  
  176  13:13  Overlord x3  
  176  13:36  Brood Lord x4  
  176  13:37  Brood Lord  
  186  13:51  Hydralisk x4  
Show
View Real Time Build Order
Export as new Build Order

Ranseg Zerg 

Build Orders: Hatch First 

Get SALT Encoding   

  12  0:05  Drone  
  13  0:12  Overlord  
  13  0:17  Drone  
  14  0:30  Drone x2  
  16  0:37  Drone  
  17  0:55  Hatchery  
  16  0:57  Drone  
  16  0:59  Extractor  
  16  1:01  Drone  
  17  1:18  Spawning Pool  
  16  1:23  Drone x2  
  18  1:33  Overlord  
  18  2:04  Metabolic Boost  
  18  2:05  Queen  
  18  2:07  Queen  
  22  2:08  Zergling x2  
  22  2:09  Zergling x2  
  22  2:11  Zergling x2  
  25  2:16  Drone  
  26  2:28  Baneling Nest  
  25  2:33  Drone  
  26  2:46  Drone  
  26  2:47  Drone x3  
  26  2:48  Drone  
  31  2:52  Zergling x2  
  32  3:12  Baneling x2  
  32  3:15  Drone, Overlord  
  32  3:16  Drone x3  
  35  3:28  Zergling x2  
  35  3:29  Overlord  
  35  3:30  Overlord  
  36  3:41  Roach Warren  
  36  3:42  Zergling x4  
  36  3:43  Zergling x6  
  40  3:56  Drone x2  
  40  4:02  Baneling x3  
  42  4:06  Zergling x4  
  44  4:13  Overlord  
  44  4:15  Drone  
  44  4:16  Drone x2  
  47  4:29  Extractor  
  46  4:45  Evolution Chamber, Overlord x3  
  45  4:46  Extractor, Roach  
  45  4:47  Roach x4  
  54  4:55  Drone x4  
  56  5:10  Drone  
  56  5:11  Drone x3  
  60  5:22  Evolution Chamber  
  59  5:29  Pneumatized Carapace, Hatchery  
  59  5:31  Drone x3  
  59  5:32  Drone x3  
  59  5:34  Zergling x2  
  65  5:51  Zerg Missile Weapons Level 1  
  65  5:52  Zerg Ground Armor Level 1  
  65  5:54  Ravager  
  66  5:58  Drone, Extractor  
  66  6:01  Roach x2  
  70  6:07  Overlord x2  
  70  6:14  Lair  
  70  6:31  Ravager x3  
  73  6:35  Ravager  
  73  6:38  Spore Crawler  
  73  6:39  Spore Crawler x2  
  71  6:40  Spore Crawler  
  71  6:43  Queen  
  72  6:52  Spore Crawler  
  70  6:58  Queen  
  66  7:05  Drone x4  
  69  7:17  Drone x2, Hydralisk Den  
  69  7:18  Drone  
  69  7:21  Spore Crawler  
  70  7:24  Glial Reconstitution  
  70  7:31  Drone x2  
  72  7:45  Drone x4  
  72  7:46  Spore Crawler  
  72  7:49  Hydralisk  
  72  7:50  Hydralisk x6  
  88  7:55  Drone x2  
  88  7:57  Overlord x4  
  90  8:05  Overseer  
  90  8:11  Muscular Augments  
  90  8:15  Hydralisk x3  
  91  8:28  Hydralisk x3  
  96  8:41  Extractor  
  95  8:44  Hydralisk x3  
  101  8:57  Hydralisk x3  
  101  9:00  Drone x2  
  101  9:01  Drone x3  
  112  9:18  Baneling  
  112  9:19  Baneling x7, Overlord  
  112  9:20  Overlord x2  
  113  9:31  Drone  
  113  9:38  Overlord x3  
  113  9:40  Hydralisk  
  113  9:41  Hydralisk x3  
  121  9:46  Overseer  
  121  9:57  Hydralisk  
  121  9:58  Hydralisk x4  
  131  10:13  Hydralisk x4  
  139  10:25  Hydralisk x3  
  139  10:26  Hydralisk  
  117  10:52  Zerg Ground Armor Level 2, Zerg Missile Weapons Level 2  
  112  10:57  Hydralisk x3  
  112  11:01  Drone x3  
  121  11:04  Extractor  
  121  11:10  Zergling x2  
  121  11:11  Zergling x2  
  121  11:15  Zergling x4  
  121  11:16  Zergling x12  
  130  11:19  Hatchery  
  130  11:25  Spore Crawler  
  128  11:29  Roach  
  128  11:30  Roach x3  
  136  11:46  Drone x3  
  139  11:47  Overlord  
  139  11:54  Infestation Pit  
  139  11:59  Zergling x10  
  143  12:20  Hydralisk x9  
  161  12:28  Overseer x3  
  161  12:32  Hydralisk x3  
  167  12:37  Unknown  
  167  12:38  Unknown  
  167  12:43  Queen  
  165  12:47  Hydralisk  
  165  12:50  Overlord x2  
  166  13:01  Drone  
  167  13:14  Hydralisk x8  
  183  13:29  Spore Crawler, Overlord  
  183  13:30  Overlord x2  
  182  13:41  Baneling  
  182  13:42  Baneling x15  
  182  13:52  Unknown x2  
  182  13:55  Hydralisk x5  
Tags
 
Add a new tag
Caveats
  • Supply blocks, unpowered buildings, or Contaminate may cause inaccurate times.
  • Supply counts are checked every 10 seconds.